Map: Recife Abissal LE

Players

TheZergLord - Winner!

  • Race: Zerg Zerg
  • League: Grandmaster
  • Spawn Location: 11:00

Zinho

  • Race: Protoss Protoss
  • League: Grandmaster
  • Spawn Location: 5:00

Event: BotH

VOD

Have the link to the VOD?

Description

Time

  • Played on: Aug. 19, 2017, 7:42 p.m.
  • Length: 5:07
Show
View Real Time Build Order
Export as new Build Order

TheZergLord Zerg - Winner!

Build Orders: Hatch First, Zergling Baneling 

Get SALT Encoding   

  12  0:01  Drone  
  13  0:15  Overlord  
  13  0:20  Drone  
  14  0:34  Drone x2  
  16  0:38  Drone  
  17  0:57  Hatchery, Drone  
  17  1:00  Drone  
  18  1:11  Extractor  
  18  1:16  Spawning Pool  
  16  1:18  Drone  
  16  1:21  Drone  
  18  1:31  Drone  
  19  1:42  Drone  
  20  1:55  Drone  
  21  2:02  Hatchery  
  20  2:09  Queen  
  20  2:10  Zergling x2  
  20  2:12  Metabolic Boost  
  23  2:17  Drone  
  23  2:19  Drone  
  25  2:26  Overlord  
  25  2:29  Zergling x2  
  26  2:32  Zergling x2  
  27  2:38  Zergling x2  
  28  2:45  Drone  
  28  2:46  Zergling x2  
  28  2:50  Queen  
  32  2:52  Zergling x2  
  33  2:59  Baneling Nest  
  33  3:04  Zergling x4  
  34  3:15  Zergling x2  
  34  3:16  Zergling x4  
  37  3:23  Overlord  
  37  3:24  Zergling x4  
  37  3:26  Zergling x2  
  40  3:36  Zergling x4  
  42  3:43  Zergling x6  
  42  3:46  Baneling x3  
  42  3:47  Baneling  
  45  3:48  Baneling  
  45  3:49  Baneling  
  45  3:50  Baneling  
  45  3:52  Baneling  
  45  3:56  Zergling x2  
  42  4:21  Zergling x6  
  42  4:22  Zergling x8  
  49  4:29  Drone  
  49  4:31  Drone  
  50  4:38  Spore Crawler  
  48  4:40  Spore Crawler  
  48  4:44  Drone  
  48  4:45  Drone x2  
  46  4:47  Drone x3  
  48  5:05  Spore Crawler  
Show
View Real Time Build Order
Export as new Build Order

Zinho Protoss 

Build Orders: 1 Gate Expand, Dark Templar Rush 

Get SALT Encoding   

  12  0:01  Probe (Chrono Boost)  
  13  0:11  Probe (Chrono Boost)  
  14  0:17  Pylon  
  14  0:22  Probe (Chrono Boost)  
  16  0:35  Probe (Chrono Boost)  
  16  0:39  Gateway  
  16  0:46  Probe (Chrono Boost)  
  16  0:49  Assimilator  
  17  0:56  Probe (Chrono Boost)  
  18  1:07  Probe (Chrono Boost)  
  19  1:25  Nexus  
  19  1:28  Probe (Chrono Boost)  
  20  1:38  Cybernetics Core  
  20  1:41  Probe (Chrono Boost)  
  21  1:49  Assimilator  
  21  1:52  Probe (Chrono Boost)  
  22  2:00  Pylon  
  22  2:02  Probe (Chrono Boost)  
  23  2:15  Warp Gate  
  23  2:18  Probe  
  23  2:19  Adept (Chrono Boost)  
  26  2:26  Twilight Council  
  26  2:30  Probe  
  26  2:36  Probe  
  27  2:42  Probe, Adept (Chrono Boost)  
  31  2:46  Probe  
  32  2:54  Probe  
  33  2:59  Probe (Chrono Boost), Robotics Facility  
  34  3:07  Probe (Chrono Boost)  
  34  3:11  Probe (Chrono Boost)  
  36  3:18  Probe (Chrono Boost)  
  37  3:20  Dark Shrine  
  37  3:25  Probe (Chrono Boost)  
  38  3:28  Probe (Chrono Boost)  
  38  3:29  Gateway  
  38  3:33  Gateway  
  39  3:36  Probe (Chrono Boost)  
  39  3:39  Probe (Chrono Boost)  
  41  3:43  Gateway  
  41  3:47  Probe (Chrono Boost)  
  42  3:48  Probe (Chrono Boost)  
  45  4:01  Pylon  
  46  4:07  Gateway  
  46  4:09  Mothership Core  
  26  4:31  Probe  
  26  4:32  Probe, Dark Templar x2  
  24  4:42  Probe  
  16  4:49  Probe  
  16  4:52  Probe  
Tags
 
Add a new tag
Caveats
  • Supply blocks, unpowered buildings, or Contaminate may cause inaccurate times.
  • Supply counts are checked every 10 seconds.